 Dungeon Crawl Stone Soup version 0.22-a0-395-gfed312b (webtiles) character file.

12969 ololoev the Arsonist (level 12, -1/66 HPs)
             Began as a Halfling Wizard on May 3, 2018.
             Was a Believer of Vehumet.
             Slain by a minotaur
             ... wielding a +3 flail of crushing
              (15 damage)
             ... in a labyrinth.
             The game lasted 01:19:00 (14486 turns).

ololoev the Arsonist (Halfling Wizard)             Turns: 14486, Time: 01:19:00

Health: -1/66      AC:  8    Str: 13    XL:     12   Next: 26%
Magic:  24/33      EV: 20    Int: 24    God:    Vehumet [**....]
Gold:   765        SH:  0    Dex: 22    Spells: 12/27 levels left

rFire    + + .     SeeInvis .   a - +3 spear (venom)
rCold    . . .     Gourm    +   (shield restricted)
rNeg     . . .     Faith    .   o - +2 robe of the Exiled Hells {*Drain rF++ MR+++}
rPois    +         Spirit   .   F - +0 hat
rElec    .         Reflect  .   h - +2 cloak {MR+}
rCorr    .         Harm     .   (no gloves)
MR       +++..                  f - +0 pair of boots "Put-Me-On" {rPois}
Stlth    +++.......             v - amulet of the gourmand
HPRegen  0.21/turn              l - +3 ring of dexterity
MPRegen  0.23/turn              g - ring "Atuis" {+Blink MR- MP+9 Int+4}

@: mighty, agile
A: small, mutation resistance 1
a: Renounce Religion, Evoke Blink


Innate Abilities, Weirdness & Mutations

You are small and have problems with some larger weapons.
You are somewhat resistant to further mutation.

Inventory:

Hand Weapons
 a - a +3 spear of venom (weapon)
Armour
 f - the +0 pair of boots "Put-Me-On" (worn) {rPois}
   (You acquired it on level 8 of the Dungeon)

   It protects you from poison.
 h - a +2 cloak of magic resistance (worn)
 o - the +2 robe of the Exiled Hells (worn) {*Drain rF++ MR+++}
   (You found it on level 4 of the Dungeon)

   It greatly protects you from fire.
   It affects your resistance to hostile enchantments.
   It causes draining when unequipped.
 F - a +0 hat (worn)
Magical Staves
 b - an uncursed staff of fire
Jewellery
 g - the ring "Atuis" (right hand) {+Blink MR- MP+9 Int+4}
   (You took it off an orc in a bailey)

   [ring of magical power]

   It affects your intelligence (+4).
   It affects your resistance to hostile enchantments.
   It affects your magic capacity (+9).
   It lets you blink.
 l - a +3 ring of dexterity (left hand)
 v - an amulet of the gourmand (around neck)
Wands
 y - a wand of digging (10)
Scrolls
 c - 4 scrolls of remove curse
 i - a scroll of amnesia
 q - a scroll of teleportation
 r - 4 scrolls of magic mapping
 z - a scroll of fear
Potions
 j - 2 potions of brilliance
 k - a potion of haste
 n - a potion of resistance
 p - a potion of curing
 s - 3 potions of mutation
 t - 2 potions of lignification
 u - a potion of magic {unknown}
 w - a potion of flight {unknown}
 x - a potion of invisibility {unknown}
 D - 2 potions of ambrosia {unknown}
Comestibles
 d - 23 rations


   Skills:
 - Level 2.1 Dodging
 - Level 2.1 Stealth
 + Level 8.3 Spellcasting
 + Level 9.3 Conjurations
 - Level 1.0 Summonings
 - Level 1.1 Translocations
 + Level 11.4 Fire Magic


You had 12 spell levels left.
You knew the following spells:

 Your Spells              Type           Power        Failure   Level  Hunger
a - Magic Dart            Conj           ####         1%          1    None
b - Call Imp              Summ           ##......     6%          2    None
c - Mephitic Cloud        Conj/Pois/Air  ###.....     5%          3    None
d - Conjure Flame         Conj/Fire      ######..     1%          3    None
e - Inner Flame           Hex/Fire       #####...     1%          3    None
k - Blink                 Tloc           N/A          6%          2    None
p - Apportation           Tloc           ###...       4%          1    None
 You were in a labyrinth. You worshipped Vehumet. Vehumet was pleased with you. You were hungry. You visited 2 branches of the dungeon, and saw 12 of its levels. You also visited: Labyrinth and Bailey. You collected 765 gold pieces. . . # #. .# . . .## # .. . . .. . # ##### #.# # # ......#. .# # #####.#..# ## .#.@§# # . #.#.#H#. .. #.#(#§# # .#... # #.#§#.# .# # # #.#.###. # # # # #.....#. # # .### # #..# #.. ... . ..#            ..           #...        .    ...#

Notes
Turn   | Place    | Note
-------+----------+-------------------------------------------
     0 | D:1      | ololoev the Halfling Wizard began the quest for the Orb.
     0 | D:1      | Reached XP level 1. HP: 11/11 MP: 3/3
   200 | D:1      | Reached skill level 1 in Conjurations
   297 | D:1      | Reached XP level 2. HP: 17/17 MP: 0/5
   565 | D:2      | Reached XP level 3. HP: 21/21 MP: 2/7
   569 | D:2      | Learned a level 2 spell: Blink
   572 | D:2      | Learned a level 2 spell: Call Imp
   879 | D:3      | Reached skill level 1 in Summonings
  1208 | D:3      | Reached XP level 4. HP: 10/27 MP: 0/8
  1324 | D:3      | Found an opulent altar of Gozag.
  1411 | D:3      | HP: 1/27 [orc priest/divine providence (10)]
  1727 | D:3      | p0werm0de: ich bin high und ich rolle tief..!
  1727 | D:3      | Reached XP level 5. HP: 15/31 MP: 0/9
  1728 | D:3      | ololoev: hi p0
  1733 | D:3      | Learned a level 3 spell: Mephitic Cloud
  1733 | D:3      | ololoev: it;s cool weather in Europe now
  1733 | D:3      | ololoev: just returned from p0land
  1970 | D:3      | Found a sparkling altar of Nemelex Xobeh.
  2164 | D:4      | Found a staircase to the Ecumenical Temple.
  2173 | Temple   | Entered the Ecumenical Temple
  2331 | D:4      | Noticed Eustachio
  2356 | D:4      | Killed Eustachio
  2356 | D:4      | Reached XP level 6. HP: 7/36 MP: 1/11
  2549 | D:4      | Learned a level 3 spell: Conjure Flame
  2560 | D:5      | Entered Level 5 of the Dungeon
  2857 | D:4      | Noticed Blork the orc
  2966 | D:4      | Killed Blork the orc
  3048 | D:4      | Noticed Duvessa
  3048 | D:4      | Noticed Dowan
  3197 | D:4      | Killed Duvessa
  3197 | D:4      | Reached XP level 7. HP: 34/41 MP: 4/12
  3203 | D:4      | Killed Dowan
  3219 | D:4      | Got a creamy pearl robe
  3230 | D:4      | Identified the +2 robe of the Exiled Hells {*Drain rF++ MR+++} (You found it on level 4 of the Dungeon)
  3918 | D:5      | Reached skill level 1 in Fire Magic
  4007 | D:5      | Reached skill level 5 in Conjurations
  4222 | D:5      | Reached skill level 2 in Fire Magic
  4421 | D:5      | Reached XP level 8. HP: 46/46 MP: 9/14
  4604 | D:6      | Found a deep blue altar of Sif Muna.
  4638 | D:6      | Reached skill level 3 in Fire Magic
  5266 | D:7      | Noticed Pikel
  5271 | D:7      | Killed Pikel
  5271 | D:7      | Reached skill level 5 in Spellcasting
  5271 | D:7      | Reached skill level 5 in Fire Magic
  5271 | D:7      | Reached XP level 9. HP: 47/51 MP: 14/16
  5313 | D:7      | Found a flagged portal.
  5383 | Bailey   | Entered a bailey
  6238 | Bailey   | Reached skill level 6 in Fire Magic
  6435 | Bailey   | Got a crude lapis lazuli ring
  6442 | Bailey   | Noticed an orc knight
  6474 | Bailey   | Killed an orc knight
  6474 | Bailey   | Reached skill level 7 in Fire Magic
  6788 | Bailey   | Reached XP level 10. HP: 21/56 MP: 1/18
  7248 | Bailey   | Identified the ring "Atuis" {+Blink MR- MP+9 Int+4} (You took it off an orc in a bailey)
  7325 | Bailey   | Noticed an orc warlord
  7707 | D:7      | Identified 2 scrolls of acquirement
  8071 | D:8      | Noticed a two-headed ogre
  8700 | D:4      | Noticed George's ghost (amateur GnWn)
  8718 | D:4      | Killed George's ghost
  8718 | D:4      | Reached skill level 8 in Fire Magic
 10115 | D:8      | Found a staircase to the Lair.
 10120 | D:8      | iamserjio: ччто делать если в дупзе у1 на входе соджобо T_T
 10120 | D:8      | ololoev: а у тебя что за чар?
 10120 | D:8      | iamserjio: https://imgur.com/a/H2k8uXV
 10120 | D:8      | iamserjio: barachi iz
 10120 | D:8      | iamserjio: wizard
 10120 | D:8      | ololoev: не повезло
 10120 | D:8      | iamserjio: шот орба и фаерболл есть T_T
 10120 | D:8      | iamserjio: b 54 мыны
 10120 | D:8      | ololoev: можно попробовать вытянуть его наверх и на телеке улететь
 10120 | D:8      | ololoev: дальше уже на д15 ты гео 1 на 1 можешь пробовать убивать, телепортируясь если что
 10120 | D:8      | iamserjio: так сдует там еще винд дрейк за кадром
 10120 | D:8      | ololoev: а
 10120 | D:8      | ololoev: тогда хреново
 10120 | D:8      | ololoev: дупз это почти всегда хреново
 10140 | D:8      | Found a radiant altar of Vehumet.
 10147 | D:8      | Became a worshipper of Vehumet
 10150 | D:8      | Noticed George's ghost (novice GnWn)
 10162 | D:8      | iamserjio: да и сама сожобо может сдуть, в леир скучно идти
 10481 | D:8      | Got a pair of pitted boots
 10487 | D:8      | Identified the +0 pair of boots "Put-Me-On" {rPois} (You acquired it on level 8 of the Dungeon)
 10776 | D:8      | Reached skill level 9 in Fire Magic
 10845 | D:8      | Killed a two-headed ogre
 11037 | D:8      | Learned a level 3 spell: Inner Flame
 11042 | D:8      | Reached * piety under Vehumet
 11042 | D:8      | Offered knowledge of Flame Tongue by Vehumet.
 11042 | D:8      | Killed George's ghost
 11042 | D:8      | Reached XP level 11. HP: 33/61 MP: 3/21
 11045 | D:8      | iamserjio: акбар
 11056 | D:8      | ololoev: ох люблю я иннер флейм!
 11350 | D:8      | Reached skill level 10 in Fire Magic
 11546 | D:9      | Found a radiant altar of Vehumet.
 11681 | D:9      | Found a burning altar of Makhleb.
 11681 | D:9      | Noticed a green death
 12017 | D:9      | Found an ornate altar of the Wu Jian Council.
 12190 | D:9      | Noticed a three-headed hydra
 12198 | D:9      | Killed a three-headed hydra
 12320 | D:9      | Learned a level 1 spell: Apportation
 12385 | D:9      | Offered knowledge of Searing Ray by Vehumet.
 12393 | D:9      | Reached ** piety under Vehumet
 12455 | D:9      | iamserjio: а с о свитка acq все лучше ювелирку заказывать посох на повер есть?
 12457 | D:9      | ololoev: ювелирку лучше заказывать если почти все обычные кольца/амулеты нашел
 12457 | D:9      | ololoev: посох на павер редко стоит того, вот энерджи да
 12457 | D:9      | ololoev: с аквара армор довольно хорошо заказывать
 12462 | D:9      | iamserjio: к
 12656 | D:10     | Entered Level 10 of the Dungeon
 12903 | D:10     | Killed an unseen horror
 13082 | D:10     | Noticed Galewind's ghost (journeyman DEFE)
 13676 | D:11     | Noticed a cyan ugly thing
 13676 | D:11     | Noticed a cyclops
 13741 | D:11     | Reached skill level 11 in Fire Magic
 13750 | D:11     | Noticed KristoblXynda's ghost (journeyman SpEn)
 13761 | D:11     | Killed KristoblXynda's ghost
 13761 | D:11     | Reached XP level 12. HP: 46/66 MP: 15/23
 13789 | D:11     | Noticed a two-headed ogre
 13790 | D:11     | Noticed a two-headed ogre
 13804 | D:11     | Killed a two-headed ogre
 13991 | D:11     | Found a labyrinth entrance.
 14012 | D:11     | Killed a two-headed ogre
 14026 | Lab      | Entered a labyrinth
 14472 | Lab      | Noticed a minotaur
 14486 | Lab      | Slain by a minotaur

Dungeon Overview and Level Annotations

Branches:
Dungeon (11/15)            Temple (1/1) D:4            Lair (0/6) D:8
    Orc: D:9-12

Altars:
Ashenzari
Cheibriados
Dithmenos
Elyvilon
Fedhas
Gozag
Hepliaklqana
Kikubaaqudgha
Makhleb
Nemelex Xobeh
Okawaru
Qazlal
Ru
Sif Muna
Trog
Uskayaw
Vehumet
Wu Jian
Xom
Yredelemnul
Zin
The Shining One

Annotations:
D:10 Galewind's ghost, journeyman DEFE


Message History

Casting: Magic Dart (safe; 1% risk of failure)
Confirm with . or Enter, or press ? or * to list all spells.
Aiming: Mephitic Cloud (safe; 5% risk of failure)
Press: ? - help, Shift-Dir - straight line, f - minotaur
Aim: a minotaur, wielding a flail of crushing and wearing a plate armour The ball explodes into a vile cloud!
The stinking cloud engulfs the minotaur.
The stinking cloud engulfs you!
The minotaur is engulfed in noxious fumes.
The minotaur hits you with a flail of crushing!!
The minotaur gores you but does no damage.
Unknown command.
Unknown command.
Unknown command.
Unknown command.
Unknown command.
You feel much better.
The minotaur is engulfed in noxious fumes.
The minotaur hits you with a flail of crushing!
The minotaur gores you!
You feel much better.
The minotaur is engulfed in noxious fumes.
The minotaur misses you. The minotaur gores you!
You feel much better.
The minotaur is engulfed in noxious fumes.
The minotaur throws a poisoned javelin.
The poisoned javelin hits you!!
You see here a poisoned javelin.
Okay, then.
You feel better.
The minotaur is engulfed in noxious fumes.
The minotaur appears confused.
The minotaur moves out of view.
Casting: Mephitic Cloud (safe; 5% risk of failure)
Confirm with . or Enter, or press ? or * to list all spells.
Aiming: Mephitic Cloud (safe; 5% risk of failure)
Press: ? - help, Shift-Dir - straight line, f/p - minotaur
Aim: a minotaur, wielding a flail of crushing and wearing a plate armour (lightly wounded, confused)
The ball explodes into a vile cloud!
The stinking cloud engulfs the minotaur.
The minotaur is lightly wounded.
The minotaur is engulfed in noxious fumes.
Unknown command.
Unknown command.
Unknown command.
Unknown command.
Found a tiny jasper amulet.
Found an escape hatch in the ceiling.
Casting: Mephitic Cloud (safe; 5% risk of failure)
Confirm with . or Enter, or press ? or * to list all spells.
Aiming: Mephitic Cloud (safe; 5% risk of failure)
Press: ? - help, Shift-Dir - straight line, f/p - minotaur
Aim: a minotaur, wielding a flail of crushing and wearing a plate armour (lightly wounded, confused)
The ball explodes into a vile cloud!
The stinking cloud engulfs the minotaur.
The minotaur is lightly wounded.
The minotaur is engulfed in noxious fumes.
Unknown command.
Unknown command.
Unknown command.
Unknown command.
Unknown command.
Unknown command.
Casting: Mephitic Cloud (safe; 5% risk of failure)
Confirm with . or Enter, or press ? or * to list all spells.
Aiming: Mephitic Cloud (safe; 5% risk of failure)
Press: ? - help, Shift-Dir - straight line, f/p - minotaur
Aim: a minotaur, wielding a flail of crushing and wearing a plate armour (noxious fumes, lightly wounded, confused)
The ball explodes into a vile cloud!
The stinking cloud engulfs the minotaur.
The minotaur is lightly wounded.
The minotaur seems less confused.
The minotaur is engulfed in noxious fumes.
Unknown command.
Unknown command.
You feel better.
The minotaur is engulfed in noxious fumes.
The minotaur hits you with a flail of crushing!
The minotaur gores you!
You feel better.
The minotaur is engulfed in noxious fumes.
The minotaur hits you with a flail of crushing!
You die...

You could see a minotaur.

Vanquished Creatures
  3 two-headed ogres
  The ghost of George the Magician, a novice GnWn of Makhleb (D:8)
  The ghost of KristoblXynda the Covert, a journeyman SpEn of Ashenzari (D:11)
  An unseen horror (D:10)
  Pikel (D:7)
  An orc knight (Bailey)
  A manticore (D:11)
  2 trolls
  2 hornets (D:9)
  The ghost of George the Covert, an amateur GnWn of Okawaru (D:4)
  2 dream sheep (D:9)
  A hippogriff (D:8)
  A wyvern (D:8)
  A shadow (D:11)
  2 yaks (D:9)
  4 hungry ghosts (Lab)
  A water moccasin (D:9)
  A sky beast (D:8)
  3 ice beasts
  2 slaves (D:7)
  2 black bears (D:9)
  5 ogres
  12 orc warriors
  2 phantoms
  A necrophage (D:9)
  3 centaurs
  3 big kobolds
  A wyvern zombie (D:11)
  4 bullfrogs
  A wyvern skeleton (D:10)
  A scorpion (D:5)
  7 wights
  2 jellies
  3 crimson imps
  4 hounds
  A centaur skeleton (D:8)
  5 orc priests
  7 orc wizards
  A bullfrog skeleton (D:9)
  A gnoll shaman (D:5)
  An iguana (D:6)
  7 worker ants
  A hound zombie (D:5)
  A worker ant zombie (D:5)
  6 adders
  13 gnolls
  2 shadow imps (D:6)
  2 oozes
  An adder zombie (D:5)
  A worm (D:3)
  2 adder skeletons
  5 dart slugs
  6 leopard geckos
  42 orcs
  3 ball pythons
  3 giant cockroaches
  21 goblins
  11 hobgoblins
  13 jackals
  2 quokkas
  8 bats
  4 frilled lizards
  A jackal skeleton (D:6)
  15 kobolds
  10 rats
279 creatures vanquished.

Vanquished Creatures (collateral kills)
  A hydra (D:9)
  Eustachio (D:4)
  Duvessa (D:4)
  2 orc warriors (Bailey)
  Blork the orc (D:4)
  A big kobold (D:9)
  Dowan (D:4)
  An orc priest (D:3)
  A hound (D:7)
  5 gnolls
  An adder (D:4)
  A worm (D:3)
  16 orcs
  A giant cockroach (D:3)
  4 goblins (Bailey)
  4 hobgoblins
  A jackal (D:5)
43 creatures vanquished.

Vanquished Creatures (others)
  An adder (D:7)
  A goblin (D:7)
  2 jackals (D:7)
4 creatures vanquished.

Grand Total: 326 creatures vanquished

Action                   |  1- 3 |  4- 6 |  7- 9 | 10-12 || total
-------------------------+-------+-------+-------+-------++-------
Melee: Dagger            |    56 |    83 |   239 |   115 ||   493
       Unarmed           |     7 |       |       |       ||     7
       Spear             |       |       |       |   351 ||   351
 Cast: Magic Dart        |    49 |    38 |   157 |   179 ||   423
       Call Imp          |     8 |    22 |    39 |    30 ||    99
       Mephitic Cloud    |       |     6 |    27 |    63 ||    96
       Conjure Flame     |       |       |     3 |    46 ||    49
       Inner Flame       |       |       |       |    14 ||    14
       Apportation       |       |       |       |     1 ||     1
Evoke: Wand              |       |       |    40 |    25 ||    65
  Use: Potion            |       |     3 |       |     8 ||    11
       Scroll            |       |       |     7 |    16 ||    23
 Stab: Sleeping          |     2 |     2 |     3 |     5 ||    12
       Confused          |       |     4 |     5 |    28 ||    37
       Distracted        |       |     1 |     2 |       ||     3
       Paralysed         |       |       |     1 |       ||     1
  Eat: Chunk             |     1 |     9 |    27 |    23 ||    60
       Ration            |       |       |       |     1 ||     1
Armor: Robe              |     8 |    15 |    25 |    77 ||   125
Dodge: Dodged            |    60 |    75 |   156 |   229 ||   520

Vault maps used:
D:1:      lightli_arrival_isolated_outpost
D:2:      kennysheep_six_static_rooms
D:3:      nemelex_altar_shiori, grunt_gozag_statues, first_ration
D:4:      minmay_temple_entry_purple_smoke, minmay_ruptured, uniq_duvessa,
          uniq_blork_the_orc, uniq_eustachio
D:5:      kennysheep_generic_room_7
D:6:      lemuel_doored_altar
D:7:      enter_bailey_3, uniq_pikel
D:8:      lair_entry_dummy, basic_altar
D:9:      makhleb_altar_promises_db, vehumet_crystals,
          overflow_temple_1_default, hangedman_ranch
D:11:     lab_entry_generic
Temple:   nicolae_temple_elliptical
Lab:      labyrinth_spiral, nicolae_lab_diamond, lab_hedge,
          nicolae_lab_starburst
Bailey:   bailey_axe_minmay_hex_keep, bailey
